 Dungeon Crawl Stone Soup version 0.31.0-9-g3a7656b989 (webtiles) character file.

Game seed: 8559429524299963926

590 Arcadio the Trooper (level 7, 0/56 HPs)
             Began as a Human Monk on Jan 24, 2024.
             Slain by a gnoll
             ... wielding a +0 club
              (4 damage)
             ... on level 5 of the Dungeon.
             The game lasted 00:05:01 (2892 turns).

Arcadio the Trooper (Human Monk)                    Turns: 2892, Time: 00:05:01

Health: 0/56       AC:  8    Str: 12    XL:     7   Next: 39%
Magic:  7/7        EV: 13    Int: 10    God:
Gold:   121        SH:  0    Dex: 22    Spells: 6/6 levels left

rFire   . . .        k - +3 short sword of Truncation {chaos, Dex+5}
rCold   . . .        d - orb {light}
rNeg    . . .        l - +0 ring mail
rPois   .            (no helmet)
rElec   .            (no cloak)
rCorr   .            (no gloves)
SInv    .            y - +2 pair of boots
Will    .....        (no amulet)
Stlth   +            (no ring)
HPRegen 0.29/turn    (no ring)
MPRegen 0.10/turn

%: no passive effects
@: on fire, glowing
A: explore regen
a: no special abilities


You were on level 5 of the Dungeon.
You visited 1 branch of the dungeon, and saw 5 of its levels.

You collected 221 gold pieces.
You spent 100 gold pieces at shops.

Inventory:

Hand Weapons
 a - a +0 falchion
 k - the +3 short sword of Truncation (weapon) {chaos, Dex+5}
   (You found it on level 3 of the Dungeon)

   Dex+5:     It affects your dexterity (+5).
Armour
 b - a +0 robe
 d - an orb of light (worn)
 j - a +0 buckler
 l - a +0 ring mail (worn)
 p - a +0 leather armour
 y - a +2 pair of boots (worn)
Jewellery
 g - a +4 ring of protection
Wands
 t - a wand of acid (9)
Scrolls
 e - 2 scrolls of teleportation
 i - 2 scrolls of enchant weapon
 r - 2 scrolls of identify
 s - 2 scrolls of torment
 v - a scroll of revelation {unknown}
 w - a scroll of vulnerability {unknown}
 x - a scroll of noise {unknown}
Potions
 c - a potion of ambrosia
 f - a potion of heal wounds
 h - 2 potions of lignification
 m - 6 potions of curing
 n - a potion of magic
 o - a potion of mutation
 q - a potion of degeneration {unknown}
 u - a potion of brilliance {unknown}


   Skills:
 + Level 5.4 Fighting
 + Level 3.6(4.4) Short Blades
 - Level 3.5(4.3) Long Blades
 + Level 5.3 Dodging


You had 6 spell levels left.
You didn't know any spells.
Your spell library contained the following spells:

 Spells                   Type           Power      Damage    Failure   Level
 Cigotuvi's Dreadful Rot  Necr/Alch/Air  0%         N/A       78%         2
 Jinxbite                 Hex            0%         N/A       78%         2
 Searing Ray              Conj           0%         2d4       78%         2
 Static Discharge         Conj/Air       0%         3-3/arc   78%         2
 Airstrike                Air            0%         2d(0-16)  100%        4
 Dispel Undead            Necr           0%         3d6       100%        4
 Martyr's Knell           Necr/Summ      0%         N/A       100%        4
 Summon Lightning Spire   Summ/Air       0%         N/A       100%        4
 Iskenderun's Battlesphe  Conj           0%         2d6       100%        5
 Yara's Violent Unravell  Hex/Alch       0%         3d3       100%        5
 Death Channel            Necr           0%         N/A       100%        6
 Enfeeble                 Hex            0%         N/A       100%        7


Dungeon Overview and Level Annotations

Branches:
Dungeon (5/15)
 Temple: D:4-7

Altars:

Shops:
D:3 !


Innate Abilities, Weirdness & Mutations

You regain HP and MP as you explore.


Message History

You hit the bombardier beetle.
You feel better.
The bombardier beetle is lightly wounded.
The liquid fire burns you! The gnoll closely misses you.
You hit the bombardier beetle but do no damage.
The bombardier beetle is lightly wounded.
The liquid fire burns you!
The bombardier beetle completely misses you.
You hit the bombardier beetle.
The bombardier beetle suddenly seems more resistant.
The bombardier beetle is lightly wounded.
The liquid fire burns you! The gnoll misses you.
The gnoll hits you but does no damage.
You hit the bombardier beetle.
Nothing appears to happen.
The bombardier beetle is moderately wounded.
The liquid fire burns you! The gnoll hits you with a +0 club.
The gnoll hits you with a +0 whip.
The bombardier beetle closely misses you.
You completely miss the bombardier beetle.
The bombardier beetle is moderately wounded.
The liquid fire burns you! The gnoll hits you but does no damage.
The gnoll closely misses you.
You hit the bombardier beetle but do no damage.
The bombardier beetle is moderately wounded.
The liquid fire burns you! The gnoll hits you with a +0 whip.
The gnoll hits you with a +0 club.
You hit the bombardier beetle.
The bombardier beetle is severely wounded.
The liquid fire burns you!
The bombardier beetle bites you but does no damage.
You puncture the bombardier beetle!
You kill the bombardier beetle!
The liquid fire burns you! The gnoll hits you with a +0 club.
The gnoll hits you with a +0 whip!
* * * LOW HITPOINT WARNING * * *
You barely miss the gnoll. The liquid fire burns you!
* * * LOW HITPOINT WARNING * * *
The gnoll hits you with a +0 club.
You die...

( ..######### ###
..........###...# #
......gg.........
#.....†@...##.#
#.....###...#.#.#
#.... ##..#.#.####.#
#... #..#.#......#
#..
.####..#.#......###
#.
............#.##....
.
....##.##...#.##.###
.(. #.##.....##.###
. #........##.##.


You could see 2 gnolls.

Vanquished Creatures
  Prince Ribbit (D:5)
  Sigmund (D:4)
  An ogre (D:5)
  A bombardier beetle (D:5)
  A hound (D:4)
  A gnoll (D:5)
  2 adders (D:4)
  5 dart slugs
  A ribbon worm (D:2)
  2 orcs
  5 ball pythons
  5 endoplasms
  2 giant cockroaches
  7 goblins
  10 hobgoblins
  2 jackals (D:4)
  4 quokkas
  2 bats
  A frilled lizard (D:3)
  7 kobolds
  7 rats
68 creatures vanquished.

Vanquished Creatures (others)
  An endoplasm zombie (D:4)
1 creature vanquished.

Grand Total: 69 creatures vanquished

Notes
Turn   | Place    | Note
-------+----------+-------------------------------------------
     0 | D:1      | Arcadio the Human Monk began the quest for the Orb.
     0 | D:1      | Reached XP level 1. HP: 18/18 MP: 1/1
   132 | D:1      | Reached XP level 2. HP: 21/24 MP: 2/2
   693 | D:2      | Reached XP level 3. HP: 28/29 MP: 3/3
   945 | D:2      | Got Seet's Codex of Confrontation
  1152 | D:2      | You fall into a shaft and drop 1 floor!
  1358 | D:3      | Found Qiagimen's Distillery.
  1370 | D:3      | Identified the +3 short sword of Truncation {chaos, Dex+5}
  1510 | D:3      | Bought a potion of might for 40 gold pieces
  1510 | D:3      | Bought a potion of curing for 30 gold pieces
  1510 | D:3      | Bought a potion of curing for 30 gold pieces
  1682 | D:3      | Reached XP level 4. HP: 36/37 MP: 4/4
  2165 | D:4      | Reached skill level 1 in Short Blades
  2221 | D:4      | Reached XP level 5. HP: 42/42 MP: 5/5
  2264 | D:4      | Noticed Sigmund
  2276 | D:4      | Killed Sigmund
  2277 | D:4      | Reached XP level 6. HP: 36/49 MP: 6/6
  2698 | D:5      | Entered Level 5 of the Dungeon
  2728 | D:5      | Noticed Prince Ribbit
  2737 | D:5      | Killed Prince Ribbit
  2738 | D:5      | Reached skill level 5 in Fighting
  2738 | D:5      | Reached skill level 5 in Dodging
  2738 | D:5      | Reached XP level 7. HP: 29/56 MP: 7/7
  2892 | D:5      | Slain by a gnoll

Illustrated notes

Levels and vault maps discovered:
D:1:      lightli_arrival_isolated_outpost, layout_basic, serial_aquarium,
          aquarium_bridge_straight [aquarium_subvault_bridge,
          aquarium_subvault_balcony, aquarium_subvault_bridge,
          aquarium_subvault_wall], aquarium_bridge_straight
          [aquarium_subvault_bridge, aquarium_subvault_wall,
          aquarium_subvault_bridge, aquarium_subvault_wall],
          aquarium_window_corner, aquarium_window_fake, aquarium_view_2c,
          aquarium_view_2b, minmay_bisected
D:2:      layout_rooms
D:3:      layout_rooms, serial_shops, shop, serial_aquarium,
          aquarium_bridge_square [aquarium_subvault_bridge,
          aquarium_subvault_bridge, aquarium_subvault_bridge,
          aquarium_subvault_window], aquarium_bridge_long_joined
          [aquarium_subvault_wall, aquarium_subvault_wall,
          aquarium_subvault_wall, aquarium_subvault_bridge,
          aquarium_subvault_bridge, aquarium_subvault_wall],
          aquarium_window_fake, aquarium_window_3, aquarium_view_2a,
          aquarium_view_2f, aquarium_pool_1, minmay_cut_off
D:4:      layout_gridville, uniq_sigmund
D:5:      layout_basic, minmay_temple_entry_waves, serial_shops, shop,
          uniq_prince_ribbit1, uniq_blork_the_orc

Skill      XL: |  1  2  3  4  5  6 |
---------------+-------------------+-----
Short Blades   | 1 2 3 |  3.6
Fighting       | 4 5 |  5.4
Dodging        | 4 5 |  5.3
Long Blades    | |  3.5

Action                     |  1- 3 |  4- 6 |  7- 9 || total
---------------------------+-------+-------+-------++-------
  Melee: Falchion          |    81 |       |       ||    81
         Short sword       |    15 |    54 |    11 ||    80
    Use: Scroll            |     8 |       |       ||     8
         Potion            |       |     1 |       ||     1
   Stab: Sleeping          |       |     1 |       ||     1
         Confused          |       |     1 |       ||     1
 Armour: Robe              |    28 |       |       ||    28
         Leather armour    |    25 |    21 |       ||    46
         Ring mail         |       |     2 |    11 ||    13
  Dodge: Dodged            |    76 |    25 |     6 ||   107
